[Event "ICC Open 2015"]
[Site "Internet Chess Club"]
[Date "2015.05.29"]
[Round "10"]
[White "nadalthegreat"]
[Black "ForkNPin"]
[Result "1-0"]
[ICCResult "Black checkmated"]
[WhiteElo "1573"]
[BlackElo "1624"]
[Opening "Scotch game"]
[ECO "C45"]
[NIC "SO.05"]
[Time "15:53:22"]
[TimeControl "180+0"]

1. e4 e5 2. Nf3 Nc6 3. d4 exd4 4. Nxd4 Bc5 5. Be3 Qf6 6. c3 Nge7 7. Nxc6
Bxe3 8. fxe3 Nxc6 9. g3 O-O 10. Bg2 d6 11. Qf3 Qe7 12. O-O Ne5 13. Qe2 Bd7
14. Nd2 a6 15. Nf3 Bb5 16. Qf2 Bxf1 17. Rxf1 f6 18. Nd4 Qf7 19. Bh3 Rfe8 20.
b3 a5 21. Qc2 c5 22. Nb5 Qe7 23. Rd1 Rad8 24. Bg2 Ng4 25. Qe2 Ne5 26. Qc2
Rf8 27. Qd2 Qe6 28. Qd5 Qxd5 29. Rxd5 Ng4 30. Bh3 Nxe3 31. Rd3 Nc2 32. Rd2
Rfe8 33. Rxc2 Rxe4 34. Kf2 d5 35. Bg2 Re5 36. Rd2 Rde8 37. Bxd5+ Kh8 38.
Bxb7 Re3 39. Bc6 h6 40. Bxe8 Rxe8 41. Re2 Rd8 42. Nc7 Rd1 43. Re8+ Kh7 44.
Re1 Rd2+ 45. Re2 Rd1 46. Ne6 Rc1 47. Nxc5 Rxc3 48. Ne4 Rc7 49. Nd2 Rd7 50.
Nf3 Rb7 51. Rd2 Ra7 52. Ke3 a4 53. Nd4 axb3 54. axb3 Rb7 55. Kd3 Rd7 56. Kc4
Rc7+ 57. Kd5 Rb7 58. Kc6 Rb4 59. Rd3 Rb8 60. Kc5 Rb7 61. Kc6 Rb4 62. Kc5 Rb7
63. Kc6 Rb4 64. Kc5 Rb7 65. Nc6 Rc7 66. b4 Rb7 67. b5 Kg6 68. b6 Kf5 69. Nd8
Ke4 70. Kc6 Kxd3 71. Kxb7 Kc4 72. Kc7 Kc3 73. b7 Kc2 74. b8=Q Kc1 75. Qb6
Kc2 76. Qc5+ Kb3 77. Qd4 Kc2 78. Qd5 Kc3 79. Kc6 Kb2 80. Kc5 Ka3 81. Qc4 Kb2
82. Kb5 Ka3 83. Nc6 Kb2 84. Nd4 Ka3 85. Qc2 g5 86. Qb3# {Black checkmated}
1-0

[Event "ICC Open 2015"]
[Site "Internet Chess Club"]
[Date "2015.05.29"]
[Round "10"]
[White "Tasmaniandevil"]
[Black "Discoverchess"]
[Result "0-1"]
[ICCResult "White checkmated"]
[WhiteElo "2094"]
[BlackElo "2464"]
[Opening "French: King's Indian attack"]
[ECO "C00"]
[NIC "FR.02"]
[Time "15:53:26"]
[TimeControl "180+0"]

1. e4 e6 2. d3 c5 3. Nd2 Nc6 4. g3 g6 5. Bg2 Bg7 6. Ngf3 Nge7 7. O-O O-O 8.
c3 d6 9. d4 cxd4 10. cxd4 Nxd4 11. Nxd4 Bxd4 12. Nc4 Nc6 13. Bh6 Re8 14. b4
b5 15. Na5 Nxa5 16. Qxd4 e5 17. Qd5 Nb7 18. Qxb5 a6 19. Qd3 Bd7 20. Rfd1 Bb5
21. Qf3 Qe7 22. Bh3 a5 23. Rac1 axb4 24. Rc7 Be2 25. Rxe7 Bxf3 26. Rxe8+
Rxe8 27. Rc1 Nc5 28. Rc4 Rb8 29. Bg2 Be2 30. Rc2 Bd3 31. Rd2 b3 32. axb3
Rxb3 33. h4 Nxe4 34. Bxe4 Bxe4 35. f3 Bxf3 36. Rxd6 f5 37. Rf6 Rb8 38. Kf2
Bg4 39. Ke3 Rb3+ 40. Kd2 Rb8 41. Kc3 e4 42. Kd4 Rd8+ 43. Ke5 Re8+ 44. Kd4 e3
45. Bxe3 Kg7 46. Rb6 Re4+ 47. Kd3 Re8 48. Bf4 Rd8+ 49. Kc3 Rd7 50. Kb4 Bf3
51. Kc5 Be4 52. Rd6 Rc7+ 53. Kd4 Rb7 54. Ke5 Rb4 55. Rd7+ Kf8 56. Kf6 Ke8
57. Rxh7 Rb6+ 58. Kg5 Rc6 59. Rh6 Kf7 60. Rxg6 Rxg6+ 61. Kh5 Bf3+ 62. g4
Bxg4# {White checkmated} 0-1

[Event "ICC Open 2015"]
[Site "Internet Chess Club"]
[Date "2015.05.29"]
[Round "10"]
[White "Kseroks"]
[Black "Daler"]
[Result "1-0"]
[ICCResult "Black checkmated"]
[WhiteElo "2815"]
[BlackElo "2484"]
[Opening "Czech Benoni defense"]
[ECO "A56"]
[NIC "OI.05"]
[Time "15:52:58"]
[TimeControl "180+0"]

1. d4 Nf6 2. c4 c5 3. d5 e5 4. Nc3 d6 5. e4 Nbd7 6. f4 exf4 7. Bxf4 g6 8.
Nf3 Nh5 9. Bg5 Be7 10. Bh6 Bf8 11. Bxf8 Kxf8 12. Qd2 Kg7 13. g4 Nhf6 14. Qf4
Qe7 15. O-O-O Ne5 16. Nxe5 dxe5 17. Qg3 Bxg4 18. Rd2 Bd7 19. Be2 h5 20. Qe3
b6 21. Bd1 Rad8 22. Rf1 Bg4 23. Rdf2 Rd6 24. Nb5 Rhd8 25. Nxd6 Rxd6 26. Bxg4
hxg4 27. h3 gxh3 28. Qxh3 Qd8 29. Rh1 Kf8 30. Qh4 Ng8 31. Qg3 Qe7 32. Rhf1
Nh6 33. Qh3 Kg7 34. Kc2 Qg5 35. Rg2 Qe7 36. Rh1 g5 37. Qh5 Rg6 38. Rhg1 g4
39. Rxg4 Nxg4 40. Rxg4 Qf6 41. Rxg6+ fxg6 42. Qe2 Qd6 43. Qf3 Qd8 44. Kb3
Qe7 45. Qg4 Kf6 46. Qh4+ Kf7 47. Qh7+ Kf6 48. Qxe7+ Kxe7 49. Kc3 a6 50. Kd3
b5 51. b3 Kf6 52. Ke3 b4 53. Kf3 Kg5 54. Kg3 a5 55. Kf3 Kf6 56. Kg4 Kg7 57.
Kg5 Kf7 58. d6 Ke6 59. Kxg6 Kxd6 60. Kf6 a4 61. Kf5 axb3 62. axb3 Kd7 63.
Kxe5 Kc6 64. Ke6 Kc7 65. Kd5 Kb6 66. e5 Kc7 67. Kxc5 Kd7 68. Kxb4 Ke6 69.
Kc5 Kxe5 70. b4 Ke6 71. b5 Kd7 72. Kb6 Kc8 73. c5 Kb8 74. c6 Kc8 75. Kc5 Kc7
76. b6+ Kd8 77. Kd6 Kc8 78. c7 Kb7 79. Kd7 Kxb6 80. c8=Q Kb5 81. Qc3 Ka4 82.
Qb2 Ka5 83. Kc6 Ka4 84. Kc5 Ka5 85. Qa2# {Black checkmated} 1-0

[Event "ICC Open 2015"]
[Site "Internet Chess Club"]
[Date "2015.05.29"]
[Round "10"]
[White "RdgMx"]
[Black "Ennjy"]
[Result "1-0"]
[ICCResult "Black forfeits on time"]
[WhiteElo "1865"]
[BlackElo "1896"]
[Opening "Queen's bishop game"]
[ECO "D02"]
[NIC "QP.08"]
[Time "15:53:42"]
[TimeControl "180+0"]

1. d4 d5 2. Nf3 Nf6 3. Bf4 Bg4 4. e3 e6 5. Be2 c5 6. c3 Nc6 7. Nbd2 Be7 8.
O-O O-O 9. Ne5 Bxe2 10. Qxe2 Rc8 11. Qb5 Qb6 12. Qxb6 axb6 13. a3 b5 14.
Rac1 b4 15. cxb4 cxb4 16. Nxc6 Rxc6 17. Rxc6 bxc6 18. a4 c5 19. dxc5 Bxc5
20. b3 Nd7 21. Rc1 e5 22. Bxe5 Bxe3 23. fxe3 Nxe5 24. Nf3 f6 25. Rc5 Ng4 26.
Rxd5 Nxe3 27. Rd4 Nc2 28. Rc4 Ne3 29. Rxb4 Rc8 30. Rb7 Rc2 31. Ne1 Re2 32.
Nf3 Rxg2+ 33. Kh1 Rf2 34. Ng1 Ng4 35. Nf3 Rxf3 36. Kg2 Rc3 37. a5 Ne3+ 38.
Kg1 Rc1+ 39. Kf2 Nd1+ 40. Ke2 Ra1 41. b4 Nc3+ 42. Kd3 Nd5 43. Kc2 Nxb4+ 44.
Rxb4 Rxa5 45. Rb7 f5 46. Kd3 Re5 47. Kd4 Re8 48. Kd3 f4 49. Kd2 f3 50. Rb4
Rf8 51. Ke1 Kf7 52. Kf2 Kf6 53. Kxf3 Ke5+ 54. Kg3 Rc8 55. Rb7 Rc3+ 56. Kg2
g5 57. Rxh7 Rc2+ 58. Kg3 Kf5 59. Rf7+ Kg6 60. Rf1 Rc3+ 61. Kg4 Rc4+ 62. Kg3
Rc3+ 63. Kg2 Rc2+ 64. Kg1 Rg2+ 65. Kxg2 Kh5 66. Kg3 {Black forfeits on time}
1-0

[Event "ICC Open 2015"]
[Site "Internet Chess Club"]
[Date "2015.05.29"]
[Round "10"]
[White "mazmar6"]
[Black "SusikoiraRoi"]
[Result "1-0"]
[ICCResult "Black resigns"]
[WhiteElo "2073"]
[BlackElo "1879"]
[Opening "Queen's pawn"]
[ECO "A40"]
[NIC "QO.17"]
[Time "15:54:45"]
[TimeControl "180+0"]

1. d4 e6 2. Nf3 f5 3. c4 Nf6 4. e3 Bb4+ 5. Bd2 a5 6. a3 Bxd2+ 7. Nbxd2 a4 8.
Bd3 d5 9. O-O O-O 10. Ne5 c6 11. b4 axb3 12. Qxb3 Ne4 13. Ndf3 Nd7 14. Rfd1
Nxe5 15. Nxe5 Qe7 16. Bxe4 fxe4 17. c5 Qc7 18. a4 Bd7 19. Rdb1 Rfb8 20. Qb6
Qxb6 21. Rxb6 Be8 22. h3 Kf8 23. a5 Ke7 24. a6 bxa6 25. Rbxa6 Rxa6 26. Rxa6
Rb1+ 27. Kh2 Rb2 28. Kg3 h5 29. h4 g5 30. hxg5 h4+ 31. Kxh4 Rxf2 32. Kg3 Rf5
33. Nxc6+ Bxc6 34. Rxc6 Rxg5+ 35. Kf2 Rf5+ 36. Kg1 Rf8 37. Rc7+ Kf6 38. Kf2
e5 39. Rc6+ Kf5 40. Rd6 exd4 41. exd4 Kg4+ 42. Ke3 Rf5 43. c6 Rf1 44. Rxd5
Re1+ 45. Kd2 Ra1 46. c7 Ra2+ 47. Ke3 {Black resigns} 1-0

[Event "ICC Open 2015"]
[Site "Internet Chess Club"]
[Date "2015.05.29"]
[Round "10"]
[White "born2die"]
[Black "Sherlocked"]
[Result "0-1"]
[ICCResult "White checkmated"]
[WhiteElo "1679"]
[BlackElo "1927"]
[Opening "Scandinavian (center counter) defense"]
[ECO "B01"]
[NIC "VO.17"]
[Time "15:53:59"]
[TimeControl "180+0"]

1. e4 d5 2. d3 dxe4 3. dxe4 Qxd1+ 4. Kxd1 e5 5. Be3 Be6 6. c3 c6 7. Nd2 Nd7
8. Kc2 Bc5 9. Bxc5 Nxc5 10. f3 Ne7 11. a4 O-O-O 12. b4 Nd7 13. Bc4 Nf8 14.
Bb3 Rxd2+ 15. Kxd2 Bxb3 16. Ke3 Bc4 17. Rd1 Ne6 18. g3 Kc7 19. a5 Nc8 20.
Nh3 Nd6 21. Rd2 Bb5 22. Kf2 Nc4 23. Rdd1 f6 24. Rhe1 Nb2 25. Rd2 Nd3+ 26.
Rxd3 Bxd3 27. Ke3 Bc4 28. f4 h5 29. Nf2 h4 30. fxe5 fxe5 31. Ng4 hxg3 32.
hxg3 Rh3 33. Rg1 Kd6 34. Nf2 Rh5 35. g4 Rh2 36. g5 Nf4 37. Ng4 Rh3+ 38. Kf2
Rxc3 39. Rd1+ Ke6 40. Rd8 Rc2+ 41. Kg3 Ne2+ 42. Kh4 Rc1 43. Re8+ Kf7 44. Rb8
Rh1+ 45. Nh2 Rxh2+ 46. Kg4 Ba6 47. Kf3 Nd4+ 48. Kg4 Rg2+ 49. Kh5 g6+ 50. Kh4
Nf3+ 51. Kh3 Rxg5 52. Rd8 Ke7 53. Rg8 Bf1# {White checkmated} 0-1

[Event "ICC Open 2015"]
[Site "Internet Chess Club"]
[Date "2015.05.29"]
[Round "10"]
[White "Stone-Castle"]
[Black "DARKTRUDER"]
[Result "0-1"]
[ICCResult "White checkmated"]
[WhiteElo "1853"]
[BlackElo "2173"]
[Opening "King's Indian: orthodox, Aronin-Taimanov, 9.Ne1"]
[ECO "E98"]
[NIC "KI.01"]
[Time "15:55:25"]
[TimeControl "180+0"]

1. d4 g6 2. c4 Nf6 3. Nc3 Bg7 4. e4 d6 5. Nf3 O-O 6. Be2 e5 7. O-O Nc6 8. d5
Ne7 9. Ne1 Nd7 10. Nd3 f5 11. f3 f4 12. Bd2 c5 13. a3 g5 14. b4 b6 15. Nf2
Nf6 16. bxc5 bxc5 17. Rb1 h5 18. h3 Ng6 19. Qa4 Rf7 20. Qc6 Bd7 21. Qxd6 Bf8
22. Qa6 Rg7 23. Rb7 Nh4 24. Nb5 g4 25. hxg4 hxg4 26. Rxd7 Qxd7 27. Qxf6 gxf3
28. Qxh4 fxe2 29. Re1 f3 30. g3 Be7 31. Qh5 Rf8 32. Qxe5 a6 33. Nc3 Bd6 34.
Qe6+ Qxe6 35. dxe6 Rxg3+ 36. Kh1 Rf6 37. Rg1 Rxg1+ 38. Kxg1 Rxe6 39. Ng4 Bg3
40. Be3 e1=Q# {White checkmated} 0-1

[Event "ICC Open 2015"]
[Site "Internet Chess Club"]
[Date "2015.05.29"]
[Round "10"]
[White "TallTower"]
[Black "Radja"]
[Result "0-1"]
[ICCResult "White checkmated"]
[WhiteElo "1764"]
[BlackElo "2396"]
[Opening "Caro-Kann: Panov-Botvinnik attack"]
[ECO "B13"]
[NIC "CK.03"]
[Time "15:54:35"]
[TimeControl "180+0"]

1. e4 d5 2. exd5 Nf6 3. c4 c6 4. d4 cxd5 5. Nc3 Nc6 6. Bg5 Be6 7. a3 h6 8.
Bxf6 exf6 9. c5 Be7 10. Nf3 O-O 11. Bd3 Bg4 12. h3 Bxf3 13. gxf3 Nxd4 14.
Bh7+ Kxh7 15. Qxd4 f5 16. Nxd5 Re8 17. O-O-O Rc8 18. b4 b6 19. Rhg1 Bf8 20.
Qc4 bxc5 21. Kb1 cxb4 22. Qf4 g6 23. Qd4 Bg7 24. Qxa7 Rf8 25. Nxb4 Qf6 26.
Qd4 Qxd4 27. Rxd4 Bxd4 28. Rf1 Rb8 29. Ka2 Bc5 30. Nd3 Bd6 31. Rd1 Ra8 32.
Kb3 Rxa3+ 33. Kc4 Rc8+ 34. Kd5 Rd8 35. Kc6 Ra6+ 36. Kb7 Raa8 37. Nb2 Rab8+
38. Kc6 Rxb2 39. Re1 Bf8 40. Kc7 Rd6 41. Re8 Rc2+ 42. Kb7 Kg7 43. Re3 Rd5
44. Rb3 Rdc5 45. Kb6 Rc7 46. Ka5 R2c6 47. Rb5 Ra7# {White checkmated} 0-1

[Event "ICC Open 2015"]
[Site "Internet Chess Club"]
[Date "2015.05.29"]
[Round "11"]
[White "MasterZachary"]
[Black "ural"]
[Result "0-1"]
[ICCResult "White checkmated"]
[WhiteElo "2179"]
[BlackElo "2509"]
[Opening "Scandinavian (center counter) defense"]
[ECO "B01"]
[NIC "SD.01"]
[Time "16:02:36"]
[TimeControl "180+0"]

1. e4 d5 2. exd5 Qxd5 3. Nc3 Qa5 4. d4 Nf6 5. Nf3 Nc6 6. Bc4 Bg4 7. O-O
O-O-O 8. Be3 e5 9. d5 e4 10. Qe1 exf3 11. dxc6 fxg2 12. cxb7+ Kxb7 13. Kxg2
Qh5 14. Nb5 Bf3+ 15. Kg1 Qg4# {White checkmated} 0-1

[Event "ICC Open 2015"]
[Site "Internet Chess Club"]
[Date "2015.05.29"]
[Round "11"]
[White "fireland"]
[Black "Tut"]
[Result "1/2-1/2"]
[ICCResult "Game drawn by mutual agreement"]
[WhiteElo "3111"]
[BlackElo "3213"]
[Opening "Grünfeld: Three knights variation"]
[ECO "D90"]
[NIC "GI.07"]
[Time "16:02:59"]
[TimeControl "180+0"]

1. d4 Nf6 2. c4 g6 3. Nf3 Bg7 4. Nc3 d5 5. cxd5 Nxd5 6. Na4 Nb6 7. e4 Bg4 8.
Be3 Nc6 9. Bb5 O-O 10. Bxc6 bxc6 11. Nc5 e5 12. dxe5 Qe7
{Game drawn by mutual agreement}
1/2-1/2

[Event "ICC Open 2015"]
[Site "Internet Chess Club"]
[Date "2015.05.29"]
[Round "11"]
[White "jyd34"]
[Black "Giantvin"]
[Result "0-1"]
[ICCResult "White checkmated"]
[WhiteElo "1610"]
[BlackElo "1961"]
[Opening "Scotch: Schmidt variation"]
[ECO "C45"]
[NIC "SO.04"]
[Time "16:02:40"]
[TimeControl "180+0"]

1. e4 e5 2. Nf3 Nc6 3. d4 exd4 4. Nxd4 Nf6 5. Nc3 Bb4 6. Nxc6 bxc6 7. Bd3 d5
8. e5 Ng4 9. O-O O-O 10. f4 Bc5+ 11. Kh1 Qh4 12. h3 Qg3 13. hxg4 Qh4#
{White checkmated}
0-1

[Event "ICC Open 2015"]
[Site "Internet Chess Club"]
[Date "2015.05.29"]
[Round "11"]
[White "nurmi"]
[Black "garompon"]
[Result "0-1"]
[ICCResult "White resigns"]
[WhiteElo "2201"]
[BlackElo "2564"]
[Opening "Sicilian defense"]
[ECO "B40"]
[NIC "SI.43"]
[Time "16:04:06"]
[TimeControl "180+0"]

1. e4 c5 2. Nf3 e6 3. c4 Nc6 4. Nc3 g6 5. Be2 Bg7 6. O-O Nge7 7. d3 O-O 8.
Rb1 d5 9. exd5 exd5 10. Bg5 h6 11. Bxe7 Nxe7 12. Qc2 dxc4 13. dxc4 Bf5 14.
Ne4 Nc6 15. Bd3 Nb4 {White resigns} 0-1

[Event "ICC Open 2015"]
[Site "Internet Chess Club"]
[Date "2015.05.29"]
[Round "11"]
[White "FHNA"]
[Black "wolwerine"]
[Result "1-0"]
[ICCResult "Black resigns"]
[WhiteElo "2554"]
[BlackElo "2165"]
[Opening "Sicilian: Najdorf, Byrne (English) attack"]
[ECO "B90"]
[NIC "SI.14"]
[Time "16:03:05"]
[TimeControl "180+0"]

1. e4 c5 2. Nf3 d6 3. d4 cxd4 4. Nxd4 Nf6 5. Nc3 a6 6. Be3 e6 7. g3 Be7 8.
Bg2 O-O 9. O-O Qc7 10. f4 Bd7 11. Kh1 Nc6 12. Qe2 Rac8 13. Rad1 b5 14. a3
Na5 15. g4 Nc4 16. Bc1 Nxa3 17. g5 Ne8 18. Rf3 b4 19. Rh3 g6 20. bxa3 bxc3
21. f5 exf5 22. exf5 Bxf5 23. Nxf5 gxf5 24. Qh5 {Black resigns} 1-0

[Event "ICC Open 2015"]
[Site "Internet Chess Club"]
[Date "2015.05.29"]
[Round "11"]
[White "IssaNissa"]
[Black "BillietheKid"]
[Result "1-0"]
[ICCResult "Black checkmated"]
[WhiteElo "1814"]
[BlackElo "1451"]
[Opening "Queen's pawn"]
[ECO "A40"]
[NIC "QO.17"]
[Time "16:03:37"]
[TimeControl "180+0"]

1. d4 e6 2. c3 d5 3. Nf3 Nf6 4. Bg5 Be7 5. e3 c5 6. Bd3 cxd4 7. cxd4 Nc6 8.
Nc3 O-O 9. O-O Qc7 10. Qe2 a6 11. e4 dxe4 12. Nxe4 Nxe4 13. Qxe4 f5 14. Qh4
Bxg5 15. Nxg5 g6 16. Rac1 Qe7 17. d5 Ne5 18. d6 Qxd6 19. Qxh7#
{Black checkmated}
1-0

[Event "ICC Open 2015"]
[Site "Internet Chess Club"]
[Date "2015.05.29"]
[Round "11"]
[White "DARKTRUDER"]
[Black "RdgMx"]
[Result "1-0"]
[ICCResult "Black resigns"]
[WhiteElo "2178"]
[BlackElo "1860"]
[Opening "French: Albin-Alekhine-Châtard attack, Maróczy variation"]
[ECO "C13"]
[NIC "FR.06"]
[Time "16:04:21"]
[TimeControl "180+0"]

1. d4 e6 2. Nc3 Nf6 3. e4 d5 4. Bg5 Be7 5. e5 Nfd7 6. h4 a6 7. Qg4 Bxg5 8.
hxg5 c5 9. g6 h6 10. gxf7+ Kxf7 11. Bd3 Rf8 12. Qg6+ Kg8 13. Qh7+ Kf7 14.
Bg6+ Ke7 15. Qxg7+ {Black resigns} 1-0

[Event "ICC Open 2015"]
[Site "Internet Chess Club"]
[Date "2015.05.29"]
[Round "11"]
[White "RiFlex01"]
[Black "Dodgy"]
[Result "0-1"]
[ICCResult "White resigns"]
[WhiteElo "2215"]
[BlackElo "2200"]
[Opening "Sicilian: Canal-Sokolsky attack, 3...Bd7"]
[ECO "B52"]
[NIC "SI.01"]
[Time "16:03:22"]
[TimeControl "180+0"]

1. e4 c5 2. Nf3 d6 3. Bb5+ Bd7 4. Bxd7+ Nxd7 5. O-O Ngf6 6. Re1 g6 7. c3 Bg7
8. d4 cxd4 9. cxd4 O-O 10. Nc3 a5 11. Bg5 a4 12. Qd2 a3 13. b3 Re8 14. Rac1
Qa5 15. h3 Rac8 16. Qf4 Rxc3 17. Qd2 Rec8 18. Rxc3 Qxc3 19. Rc1 Qxc1+
{White resigns}
0-1

[Event "ICC Open 2015"]
[Site "Internet Chess Club"]
[Date "2015.05.29"]
[Round "11"]
[White "Huemul"]
[Black "carlito78"]
[Result "0-1"]
[ICCResult "White checkmated"]
[WhiteElo "1325"]
[BlackElo "1567"]
[Opening "Sicilian"]
[ECO "B50"]
[NIC "SI.01"]
[Time "16:02:53"]
[TimeControl "180+0"]

1. e4 c5 2. Nf3 d6 3. Nc3 Nc6 4. d4 cxd4 5. Nxd4 Nxd4 6. Qxd4 a6 7. Bd3 b5
8. e5 Bb7 9. exd6 Qxd6 10. Qxd6 exd6 11. O-O Kd7 12. Bf5+ Kc7 13. Bf4 f6 14.
Rad1 Rd8 15. Nd5+ Bxd5 16. Rxd5 Ne7 17. Bxd6+ Rxd6 18. Rxd6 Kxd6 19. Bg4 Ng6
20. Rd1+ Kc7 21. Bf3 Bd6 22. g3 Rd8 23. b3 Bc5 24. Re1 Rd2 25. Re6 Rxf2 26.
Rxa6 Rxf3+ 27. Kg2 Ne5 28. Ra5 Kb6 29. Ra8 Re3 30. Rb8+ Kc7 31. Rxb5 Bd4 32.
c4 Bc3 33. Rc5+ Kd6 34. Rd5+ Ke6 35. a4 Re2+ 36. Kh3 g5 37. Rb5 g4+ 38. Kh4
Rxh2# {White checkmated} 0-1

[Event "ICC Open 2015"]
[Site "Internet Chess Club"]
[Date "2015.05.29"]
[Round "11"]
[White "nihil95"]
[Black "Berke"]
[Result "1-0"]
[ICCResult "Black checkmated"]
[WhiteElo "1703"]
[BlackElo "1479"]
[Opening "French: advance, Euwe variation"]
[ECO "C02"]
[NIC "FR.03"]
[Time "16:04:12"]
[TimeControl "180+0"]

1. e4 e6 2. d4 d5 3. e5 c5 4. c3 Nc6 5. Nf3 Bd7 6. Bb5 Nxe5 7. Bxd7+ Nxd7 8.
O-O Bd6 9. a3 Qc7 10. Nbd2 cxd4 11. cxd4 Rc8 12. Nb3 b6 13. Nbd2 Ngf6 14.
Qe2 O-O 15. b4 Rfe8 16. Bb2 Ng4 17. g3 Ndf6 18. Rac1 Qd7 19. Rxc8 Rxc8 20.
Ne5 Nxe5 21. dxe5 Bxe5 22. Qxe5 Ng4 23. Qxg7# {Black checkmated} 1-0

[Event "ICC Open 2015"]
[Site "Internet Chess Club"]
[Date "2015.05.29"]
[Round "11"]
[White "MeWantCookie"]
[Black "paulohaddad"]
[Result "0-1"]
[ICCResult "White resigns"]
[WhiteElo "1608"]
[BlackElo "1802"]
[Opening "Queen's pawn game"]
[ECO "D05"]
[NIC "QP.08"]
[Time "16:03:13"]
[TimeControl "180+0"]

1. d4 d5 2. Nf3 e6 3. e3 Nf6 4. Bd3 Bd6 5. O-O c5 6. b3 Nc6 7. Bb2 O-O 8.
Ne5 cxd4 9. exd4 Qc7 10. f4 Ne4 11. Bxe4 dxe4 12. c4 Rd8 13. Qe2 f5 14. Rd1
Nxe5 15. dxe5 Bc5+ 16. Kh1 b6 17. Nc3 Bb7 18. Nb5 Qe7 19. Rxd8+ Rxd8 20.
Nxa7 e3 21. Nb5 Rd2 {White resigns} 0-1

[Event "ICC Open 2015"]
[Site "Internet Chess Club"]
[Date "2015.05.29"]
[Round "11"]
[White "ForkNPin"]
[Black "Rinazina46"]
[Result "0-1"]
[ICCResult "White resigns"]
[WhiteElo "1618"]
[BlackElo "1885"]
[Opening "Sicilian defense"]
[ECO "B40"]
[NIC "SI.43"]
[Time "16:03:52"]
[TimeControl "180+0"]

1. e4 c5 2. Nf3 e6 3. c3 d5 4. exd5 Qxd5 5. d4 Nf6 6. Be3 cxd4 7. Nxd4 Be7
8. Nd2 Nc6 9. N2f3 Nxd4 10. Nxd4 O-O 11. Qd2 a6 12. O-O-O b5 13. h4 Qxa2 14.
Nc2 Bb7 15. Rg1 Be4 16. f3 Bxc2 17. Kxc2 Nd5 18. g4 b4 19. Kd3 Nxe3 20. Kxe3
Bc5+ 21. Ke2 {White resigns} 0-1

[Event "ICC Open 2015"]
[Site "Internet Chess Club"]
[Date "2015.05.29"]
[Round "11"]
[White "truufseir"]
[Black "franco"]
[Result "1-0"]
[ICCResult "Black checkmated"]
[WhiteElo "1510"]
[BlackElo "1267"]
[Opening "KGD: Falkbeer, Tartakower variation"]
[ECO "C31"]
[NIC "KG.04"]
[Time "16:03:05"]
[TimeControl "180+0"]

1. e4 e5 2. f4 d5 3. Nf3 dxe4 4. Nxe5 Nf6 5. d4 Bd6 6. Bc4 O-O 7. O-O Nbd7
8. c3 Nb6 9. Bb3 Re8 10. Nd2 Be6 11. c4 Bxe5 12. fxe5 Nfd7 13. d5 Nc5 14.
dxe6 Rxe6 15. Nxe4 Rxe5 16. Qxd8+ Rxd8 17. Nxc5 Rxc5 18. Be3 Rc6 19. c5 Nd5
20. Rad1 Re8 21. Bxd5 Rg6 22. Bxf7+ Kh8 23. Bxe8 Re6 24. Rf8# {Black
checkmated} 1-0

[Event "ICC Open 2015"]
[Site "Internet Chess Club"]
[Date "2015.05.29"]
[Round "11"]
[White "Satyricon"]
[Black "supermouse"]
[Result "0-1"]
[ICCResult "White resigns"]
[WhiteElo "2245"]
[BlackElo "2678"]
[Opening "Robatsch defense: Pseudo-Austrian attack"]
[ECO "B07"]
[NIC "QO.17"]
[Time "16:03:05"]
[TimeControl "180+0"]

1. d4 d6 2. e4 g6 3. Nc3 Bg7 4. f4 Nc6 5. Nf3 Bg4 6. Be3 e5 7. fxe5 dxe5 8.
d5 Nd4 9. Be2 Bxf3 10. Bxf3 Ne7 11. O-O c5 12. dxc6 bxc6 13. Ne2 Rb8 14. b3
O-O 15. c3 Nxf3+ 16. Rxf3 Qc7 17. Bc5 Rbd8 18. Rd3 Rxd3 19. Qxd3 Rd8 20. Qc2
Qd7 21. Bxe7 Qxe7 22. Rd1 Bh6 23. Rxd8+ Qxd8 24. g3 Be3+ 25. Kg2 h5 26. Nc1
h4 27. Qd3 Qg5 28. Ne2 Bb6 29. Qf3 Kg7 30. Qd3 Qf6 31. Qf3 h3+ {White
resigns} 0-1

[Event "ICC Open 2015"]
[Site "Internet Chess Club"]
[Date "2015.05.29"]
[Round "11"]
[White "Ohanessian"]
[Black "dwg6"]
[Result "1/2-1/2"]
[ICCResult "Game drawn by mutual agreement"]
[WhiteElo "2077"]
[BlackElo "2250"]
[Opening "French: Tarrasch"]
[ECO "C03"]
[NIC "FR.14"]
[Time "16:02:37"]
[TimeControl "180+0"]

1. e4 e6 2. d4 d5 3. Nd2 Be7 4. e5 c5 5. c3 Nc6 6. Ne2 Nh6 7. Nf3 Nf5 8. g4
Nh4 9. Nxh4 Bxh4 10. Bg2 f6 11. exf6 O-O 12. O-O Bxf6 13. dxc5 Ne5 14. Nd4
Bd7 15. f4 Ng6 16. g5 Be7 17. Bh3 Bxc5 18. Kg2 Qb6 19. Ne2 Bb5 20. b4 Be3
21. a4 Bxe2 22. Qxe2 Nxf4+ 23. Rxf4 Bxf4 24. Qxe6+ Qxe6 25. Bxe6+ Kh8 26.
Bxd5 Rac8 27. c4 b6 28. Bxf4 Rxf4 29. Kg3 Rfxc4 30. Bxc4 Rxc4 31. b5
{Game drawn by mutual agreement}
1/2-1/2

[Event "ICC Open 2015"]
[Site "Internet Chess Club"]
[Date "2015.05.29"]
[Round "11"]
[White "Cramagica"]
[Black "bennywins"]
[Result "1-0"]
[ICCResult "Black checkmated"]
[WhiteElo "1219"]
[BlackElo "1133"]
[Opening "Bird's opening"]
[ECO "A02"]
[NIC "VO.07"]
[Time "16:03:25"]
[TimeControl "180+0"]

1. f4 c6 2. Nf3 d5 3. e3 Bg4 4. h3 Bh5 5. g4 Bg6 6. f5 Bxf5 7. gxf5 e6 8.
fxe6 fxe6 9. Bg2 Nf6 10. b3 Bd6 11. O-O Nbd7 12. Bb2 O-O 13. Qe2 Re8 14. d3
e5 15. Qf2 e4 16. dxe4 dxe4 17. Ng5 h6 18. Nxe4 Nxe4 19. Qf7+ Kh8 20. Qxg7#
{Black checkmated}
1-0

[Event "ICC Open 2015"]
[Site "Internet Chess Club"]
[Date "2015.05.29"]
[Round "11"]
[White "Merula"]
[Black "opportunity"]
[Result "1-0"]
[ICCResult "Black checkmated"]
[WhiteElo "2242"]
[BlackElo "1941"]
[Opening "Levitsky attack (Queen's bishop attack)"]
[ECO "D00"]
[NIC "QP.08"]
[Time "16:03:15"]
[TimeControl "180+0"]

1. d4 d5 2. Bg5 h6 3. Bh4 c5 4. Nc3 Be6 5. e4 cxd4 6. Qxd4 Nc6 7. Bb5 dxe4
8. Qxe4 Qb6 9. O-O-O Nf6 10. Bxf6 exf6 11. Nd5 Qa5 12. Bxc6+ bxc6 13. Nxf6+
gxf6 14. Qxc6+ Ke7 15. Qb7+ Ke8 16. Qxa8+ Ke7 17. Qb7+ Ke8 18. a3 h5 19.
Qc6+ Ke7 20. f4 h4 21. Nf3 Rh5 22. Rhe1 Qb6 23. Qd7# {Black checkmated} 1-0

[Event "ICC Open 2015"]
[Site "Internet Chess Club"]
[Date "2015.05.29"]
[Round "11"]
[White "noyb"]
[Black "vpeichev"]
[Result "1-0"]
[ICCResult "Black forfeits on time"]
[WhiteElo "1686"]
[BlackElo "1662"]
[Opening "Queen's pawn game"]
[ECO "A46"]
[NIC "QP.06"]
[Time "16:03:06"]
[TimeControl "180+0"]

1. d4 Nf6 2. Nf3 d6 3. Bg5 h6 4. Bxf6 exf6 5. e3 Be7 6. g3 Nc6 7. Bg2 O-O 8.
O-O Bd7 9. c4 a6 10. Nc3 g5 11. Nd2 f5 12. Qh5 Kg7 13. Nd5 g4 14. f3 Bg5 15.
fxg4 fxg4 16. Ne4 f6 17. Rf2 {Black forfeits on time} 1-0

[Event "ICC Open 2015"]
[Site "Internet Chess Club"]
[Date "2015.05.29"]
[Round "11"]
[White "Radja"]
[Black "mvillalba"]
[Result "1-0"]
[ICCResult "Black checkmated"]
[WhiteElo "2403"]
[BlackElo "2157"]
[Opening "Ruy Lopez: Treybal (Bayreuth) variation (exchange var. deferred)"]
[ECO "C77"]
[NIC "RL.12"]
[Time "16:03:37"]
[TimeControl "180+0"]

1. e4 e5 2. Nf3 Nc6 3. Bb5 a6 4. Ba4 Nf6 5. Bxc6 dxc6 6. d3 Bd6 7. Nbd2 O-O
8. Nc4 Qe7 9. Bg5 h6 10. Bd2 Nd7 11. g4 Nc5 12. Rg1 b5 13. Ne3 g6 14. Qe2
Ne6 15. Nf5 gxf5 16. gxf5+ Kh7 17. fxe6 Bxe6 18. Ng5+ Kh8 19. Qh5 Qf6 20. f4
exf4 21. Bc3 Bb4 22. Qxh6+ Kg8 23. Qh7# {Black checkmated} 1-0